 Dungeon Crawl Stone Soup version 0.28.0-43-g3370ac3207 (webtiles) character file.

Game seed: 4703839701083170201

23 demenzo the Cutter (level 2, -3/21 HPs)
             Began as an Octopode Cinder Acolyte on Mar 27, 2022.
             Was a High Priest of Ignis.
             Succumbed to a kobold's poison
             ... on level 1 of the Dungeon.
             The game lasted 00:00:48 (325 turns).

demenzo the Cutter (Octopode Cinder Acolyte)         Turns: 325, Time: 00:00:48

Health: -3/21      AC:  1    Str: 13    XL:     2   Next: 95%
Magic:  4/4        EV: 12    Int: 16    God:    Ignis [*****.]
Gold:   32         SH:  0    Dex:  7    Spells: 3/3 levels left

rFire   + . .      SeeInvis .   a - +0 dagger (speed)
rCold   . . .      Faith    .   (no shield)
rNeg    . . .      Spirit   .   (helmet restricted)
rPois   .          Reflect  .   (no amulet)
rElec   .          Harm     .   (no ring)
rCorr   .          Rampage  .   (no ring)
Will    .....                   (no ring)
Stlth   ++........              (no ring)
HPRegen 0.07/turn               (no ring)
MPRegen 0.09/turn               (no ring)
                                (no ring)
                                (no ring)

@: lethally poisoned (-3 -> -25)
A: almost no armour, amphibious, 8 rings, camouflage 1, gelatinous body 1,
(nimble swimmer 1), tentacles
a: Renounce Religion, Fiery Armour, Foxfire Swarm, Rising Flame


You were on level 1 of the Dungeon.
You worshipped Ignis.
Ignis was extremely pleased with you.
You visited 1 branch of the dungeon, and saw 1 of its levels.

You collected 32 gold pieces.

Inventory:

Hand Weapons
 a - a +0 dagger of speed (weapon)
 d - a +0 rapier
 f - a -1 short sword of flaming
Missiles
 b - 6 datura-tipped darts (quivered)
 e - 35 stones
Jewellery
 c - an amulet of reflection
Potions
 g - a potion of resistance {unknown}


   Skills:
 + Level 3.2 Fighting
 * Level 3.4 Short Blades
 + Level 0.7 Stealth
 + Level 1.3 Spellcasting
 - Level 3.1 Fire Magic


You had 3 spell levels left.
You didn't know any spells.
Your spell library contained the following spells:

 Spells                   Type           Power      Damage    Failure   Level
 Scorch                   Fire           22%        2d6       10%         2
 Summon Guardian Golem    Hex/Summ       1%         N/A       54%         3
 Animate Dead             Necr           0%         N/A       91%         4
 Borgnjor's Vile Clutch   Necr/Erth      0%         N/A       99%         5
 Death Channel            Necr           0%         N/A       100%        6
 Orb of Destruction       Conj           0%         9d5       100%        7
 Spellforged Servitor     Conj/Summ      0%         N/A       100%        7


Dungeon Overview and Level Annotations

Branches:
Dungeon (1/15)

Altars:


Innate Abilities, Weirdness & Mutations

You cannot wear most types of armour.
You are amphibious.
You can wear up to eight rings at the same time.
Your skin changes colour to match your surroundings (Stealth+).
Your rubbery body absorbs attacks. (AC +1, EV +1)
((You are camouflaged when in or above water. (Stealth+)))
You have tentacles for arms and can constrict up to eight enemies at once.


Message History

No target in view!
No target in view!
No target in view!
Magic restored.
Found a stone staircase leading down.
No target in view!
Found an escape hatch in the floor.
No target in view!
There is an escape hatch in the floor here.
A kobold comes into view. It is wielding a +2 dagger of venom.
A kobold is nearby!
An endoplasm comes into view.
There are monsters nearby!
There are monsters nearby!
The endoplasm quivers.
The endoplasm closely misses you.
You hit the endoplasm.
The endoplasm is heavily wounded.
The endoplasm misses you.
You hit the endoplasm but do no damage. You squeeze the endoplasm.
You kill the endoplasm!
The kobold hits you with a +2 dagger of venom.
You are poisoned.
You closely miss the kobold. Your grab misses the kobold.
You feel sick.
The kobold hits you with a +2 dagger of venom.
You are lethally poisoned!
You closely miss the kobold. Your grab misses the kobold.
You feel sick.
You are too injured to fight recklessly!
You are too injured to fight recklessly!
You are too injured to fight recklessly!
You closely miss the kobold. Your grab misses the kobold.
You feel sick.
The kobold hits you with a +2 dagger of venom.
* * * LOW HITPOINT WARNING * * *
You are more poisoned.
You hit the kobold but do no damage. Your grab misses the kobold.
You squeeze the kobold.
You kill the kobold!
* * * LOW HITPOINT WARNING * * *
You feel very sick.
You die...

###
##.#######
#.@.......
##.#######
#.# #.# ##
#.# . ##.#
# #..# #
#.## # #.#
#


There were no monsters in sight!

Vanquished Creatures
  A gnoll (D:1)
  A bat (D:1)
  An endoplasm (D:1)
  A giant cockroach (D:1)
  A goblin (D:1)
  2 hobgoblins (D:1)
  4 kobolds (D:1)
  2 rats (D:1)
13 creatures vanquished.

Notes
Turn   | Place    | Note
-------+----------+-------------------------------------------
     0 | D:1      | demenzo the Octopode Cinder Acolyte began the quest for the
                  | Orb.
     0 | D:1      | Reached XP level 1. HP: 16/16 MP: 2/2
   149 | D:1      | Reached XP level 2. HP: 18/21 MP: 3/3
   325 | D:1      | Succumbed to a kobold's poison

Illustrated notes

Levels and vault maps discovered:
D:1:      dpeg_arrival_simpleton_b, layout_loops_ring,
          ebering_ecumenical_altar_hall, wander_ebering_terrifying_dragon_lair

Action                   || total
-------------------------++-------
Melee: Short sword       ||    16
       Constrict         ||     8
       Tentacles         ||     7
       Dagger            ||    10
 Stab: Sleeping          ||     3
Dodge: Dodged            ||    16
